 Dungeon Crawl Stone Soup version 0.19-a0-994-g3c636f0 (webtiles) character file.

143 mistymad the Poker (level 5, -7/43 HPs)
             Began as a Merfolk Monk on July 16, 2016.
             Mangled by a crocodile (13 damage)
             ... in a sewer.
             The game lasted 00:05:53 (2196 turns).

mistymad the Poker (Merfolk Monk)                   Turns: 2196, Time: 00:05:54

Health: -7/43      AC:  4    Str: 11    XL:     5   Next: 25%
Magic:  5/5        EV: 16    Int: 11    God:
Gold:   198        SH:  5    Dex: 16    Spells: 0 memorised, 4 levels left

rFire  . . .     SeeInvis .     a - +1 spear
rCold  . . .     Gourm    .     b - +0 robe
rNeg   . . .     Faith    .     (no shield)
rPois  .         Spirit   .     (no helmet)
rElec  .         Dismiss  .     f - +0 cloak
rCorr  .         Reflect  +     j - +0 pair of gloves
SustAt .         Harm     .     (no boots)
MR     .....                    g - +5 amulet of reflection
Stlth  ++........               (no ring)
                                (no ring)

@: not resistant to hostile enchantments, unstealthy
A: change form in water, swift swim
a: no special abilities


You were in a sewer.
You were not hungry.

You visited 1 branch of the dungeon, and saw 3 of its levels.
You also visited: Sewer.

You collected 198 gold pieces.

Inventory:

Hand Weapons
 a - a +1 spear (weapon)
Armour
 b - a +0 robe (worn)
 f - a +0 cloak (worn)
 j - a +0 pair of gloves (worn)
Jewellery
 g - a +5 amulet of reflection (around neck)
Scrolls
 d - a scroll of fog
 o - a scroll of amnesia
Potions
 e - a potion of brilliance {unknown}
 i - a potion of curing
 m - a potion of heal wounds {unknown}
 n - 2 potions of flight {unknown}
 p - a potion of might {unknown}
 t - 2 potions of berserk rage {unknown}
Comestibles
 c - 2 bread rations
 h - 2 meat rations
 k - a beef jerky
 l - 7 fruits
 q - 6 chunks of flesh


   Skills:
 + Level 4.3 Fighting
 + Level 6.1 Polearms
 + Level 5.5 Dodging
 - Level 2.1 Stealth


You had 4 spell levels left.
You didn't know any spells.

Dungeon Overview and Level Annotations

Branches:
Dungeon (3/15)

Altars:
Uskayaw


Message History

The crocodile barely misses you.
You hit the crocodile but do no damage.
The crocodile is moderately wounded.
The crocodile barely misses you.
You hit the crocodile. You tail-slap the crocodile.
The crocodile is moderately wounded.
You hit the crocodile but do no damage.
You tail-slap the crocodile, but do no damage.
The crocodile is moderately wounded.
The crocodile bites you!!
You take 18 damage, and have 25/43 hp.
MASSIVE DAMAGE!!
You closely miss the crocodile.
The crocodile is moderately wounded.
The crocodile bites you!!
* * * LOW HITPOINT WARNING * * *
You take 20 damage, and have 5/43 hp.
MASSIVE DAMAGE!!
You are too injured to fight recklessly!
You are too injured to fight recklessly!
The crocodile bites you!
You die...

### ##.##
##.∩.##
##.....##
#..@t...#
#..≈≈≈..#
#†≈≈≈≈≈.#
#..≈≈≈..#
#...≈...#
##.....##
##...##
##.## #.#


You could see a crocodile.

Vanquished Creatures
  6 adders
  2 oozes
  2 worms (D:2)
  3 dart slugs
  2 giant geckos
  4 giant cockroaches
  8 goblins
  6 hobgoblins
  3 jackals (D:2)
  A quokka (D:2)
  A ball python (D:2)
  11 bats
  4 giant newts
  8 kobolds
  6 rats
67 creatures vanquished.

Notes
Turn   | Place    | Note
-------+----------+-------------------------------------------
     0 | D:1      | mistymad the Merfolk Monk began the quest for the Orb.
     0 | D:1      | Reached XP level 1. HP: 18/18 MP: 1/1
   223 | D:1      | Reached XP level 2. HP: 23/24 MP: 2/2
   710 | D:1      | Reached skill level 5 in Polearms
  1004 | D:2      | Reached XP level 3. HP: 29/30 MP: 3/3
  1265 | D:2      | Reached XP level 4. HP: 34/37 MP: 4/4
  1749 | D:3      | Reached skill level 5 in Dodging
  1863 | D:3      | Reached skill level 6 in Polearms
  1863 | D:3      | Reached XP level 5. HP: 41/43 MP: 5/5
  1961 | D:3      | Found a hide-covered altar of Uskayaw.
  2036 | D:3      | Found a glowing drain.
  2102 | Sewer    | Entered a sewer
  2137 | Sewer    | Noticed a crocodile
  2196 | Sewer    | Mangled by a crocodile

Vault maps used:
D:1:      mainiacjoe_arrival_reflecting_pool, fountainhead
D:2:      kennysheep_big_flooded_room
D:3:      kennysheep_the_goblin_king, nicolae_overflow_crystal_walls,
          gup_sewer_entry_glass
Sewer:    sewer_big_baddie

Skill      XL: |  1  2  3  4 |
---------------+-------------+-----
Polearms       | 5 6 |  6.1
Fighting       | 4 |  4.3
Dodging        | 5 |  5.5
Stealth        | |  2.1

Action                   |  1- 3 |  4- 6 || total
-------------------------+-------+-------++-------
Melee: Spear             |   116 |   185 ||   301
       Tailslap          |       |     2 ||     2
  Use: Scroll            |     4 |     5 ||     9
 Stab: Sleeping          |     8 |     4 ||    12
       Distracted        |     1 |     1 ||     2
  Eat: Chunk             |     1 |     3 ||     4
Armor: Robe              |    13 |    30 ||    43
Dodge: Dodged            |    64 |   108 ||   172
Block: Other             |       |    31 ||    31
       Reflection        |       |     1 ||     1
